 Dungeon Crawl Stone Soup version 0.21-a0-437-ge5bf024 (webtiles) character file.

1037 Beatriz the Charmwright (level 8, -2/56 HPs)
             Began as a Gnoll Skald on Nov 9, 2017.
             Was a Follower of Hepliaklqana.
             Slain by an ice beast (11 damage)
             ... on level 6 of the Dungeon.
             The game lasted 00:13:41 (5725 turns).

Beatriz the Charmwright (Gnoll Skald)               Turns: 5725, Time: 00:13:45

Health: -2/56      AC:  3    Str: 15    XL:     8   Next: 24%
Magic:  19/25      EV: 15    Int: 20    God:    Hepliaklqana [*.....]
Gold:   260        SH:  0    Dex: 15    Spells: 14/18 levels left

rFire    + . .     SeeInvis .   u - +3 dagger of Somewhere Else {freeze, +Inv MP+9} (curse)
rCold    . . .     Gourm    .   (no shield)
rNeg     . . .     Faith    .   b - +0 leather armour
rPois    .         Spirit   .   (no helmet)
rElec    .         Reflect  .   (no cloak)
rCorr    .         Harm     .   (no gloves)
MR       .....                  (no boots)
Stlth    ++........             (no amulet)
HPRegen  1.18/turn              f - +4 ring of intelligence
MPRegen  0.19/turn              h - ring of protection from fire

@: lethally poisoned (-2 -> -3), infused, regenerating
A: distributed training, reduced essence, fangs 1, strong nose
a: Recall Ancestor, Ancestor Identity, Renounce Religion, Evoke Invisibility


You were on level 6 of the Dungeon.
You worshipped Hepliaklqana.
Hepliaklqana was aware of your devotion.
You were near starving.

You visited 1 branch of the dungeon, and saw 7 of its levels.

You collected 260 gold pieces.

Inventory:

Hand Weapons
 a - a +0 hand axe
 s - a -2 war axe
 t - a +3 battleaxe of chopping
 u - the cursed +3 dagger of Somewhere Else (weapon) {freeze, +Inv MP+9}
   (You took it off an orc on level 4 of the Dungeon)

   It has been specially enchanted to freeze those struck by it, causing extra
   injury to most foes and up to half again as much damage against particularly
   susceptible opponents.
   It can also slow down cold-blooded creatures.
   It affects your magic capacity (+9).
   It lets you turn invisible.
   It has a curse placed upon it.
Armour
 b - a +0 leather armour (worn)
Jewellery
 f - a +4 ring of intelligence (left hand)
 h - a ring of protection from fire (right hand)
Wands
 y - a wand of paralysis (17/24)
Scrolls
 e - 2 scrolls of identify
 g - a scroll of immolation {unknown}
 j - 2 scrolls of teleportation
 k - a scroll of recharging
 m - 3 scrolls of enchant armour
 o - a scroll of amnesia
 q - a scroll of enchant weapon
 v - a scroll of fog
Potions
 r - a potion of haste
Books
 c - a book of Battle

   Spells                             Type                      Level
   a - Infusion                       Charms                       1
   b - Shroud of Golubria             Charms/Translocation         2
   c - Song of Slaying                Charms                       2
   d - Spectral Weapon                Hexes/Charms                 3
   e - Regeneration                   Charms/Necromancy            3
Comestibles
 d - 5 bread rations
 i - 4 fruits
 l - 2 meat rations
 p - a royal jelly


   Skills:
 + Level 5.5 Fighting
 + Level 3.0 Short Blades
 + Level 3.0 Long Blades
 + Level 5.5 Axes
 + Level 3.0 Maces & Flails
 + Level 3.0 Polearms
 + Level 3.0 Staves
 + Level 3.0 Slings
 + Level 3.0 Bows
 + Level 3.0 Crossbows
 + Level 3.0 Throwing
 + Level 4.0 Armour
 + Level 5.5 Dodging
 + Level 3.0 Stealth
 + Level 3.0 Shields
 + Level 3.0 Unarmed Combat
 + Level 5.9 Spellcasting
 + Level 2.4 Conjurations
 + Level 2.4 Hexes
 + Level 6.0 Charms
 + Level 2.4 Summonings
 + Level 2.4 Necromancy
 + Level 2.4 Translocations
 + Level 2.4 Transmutations
 + Level 2.4 Fire Magic
 + Level 2.4 Ice Magic
 + Level 2.4 Air Magic
 + Level 2.4 Earth Magic
 + Level 2.4 Poison Magic
 + Level 3.3 Invocations
 + Level 3.0 Evocations


You had 14 spell levels left.
You knew the following spells:

 Your Spells              Type           Power        Failure   Level  Hunger
a - Infusion              Chrm           ####         1%          1    None
b - Regeneration          Chrm/Necr      ###.......   7%          3    ##.....


Dungeon Overview and Level Annotations

Branches:
Dungeon (7/15)
 Temple: D:4-7

Altars:
Hepliaklqana

Annotations:
D:5 Lliillii's ghost, novice MiFi


Innate Abilities, Weirdness & Mutations

Your experience applies equally to all skills.
You have very sharp teeth.
Your uncanny sense of smell can sniff out nearby items.
Your life essence is reduced to manifest your ancestor. (-10% HP)


Message History

You are more poisoned.
The adder poisons you!
Dunstan hits the adder.
You hit the adder.
The adder seems to slow down.
You freeze the adder.
You kill the adder!
You feel sick. The ice beast hits you. The ice beast freezes you!
You feel sick.
Dunstan closely misses the ice beast.
You see here an adder corpse.
You butcher the adder corpse.
You feel sick.
Dunstan closely misses the ice beast.
The ice beast hits you. The ice beast freezes you!
* * * LOW HITPOINT WARNING * * *
You see here a chunk of flesh.
Casting: Infusion
Confirm with . or Enter, or press ? or * to list all spells.
Your skin crawls.
You feel sick.
Dunstan hits the ice beast but does no damage.
The ice beast hits you.
* * * LOW HITPOINT WARNING * * *
The ice beast freezes you!
You die...

.... .# #.#.#.###
##### #.......# #....
#....... ###....
#...... [......
#.#...###... #....
#.#......... #....
#[#.@######.#######.#
#...YR...............
#......##### ######.#
#......# #.# #.#.####
#####.# #.#.# #...#.#
∆ #.#.# #...#.# #
#.#.###### #...#.#
#.###a#.#....#
#...#.#


You could see the friendly Dunstan the ancestor and an ice beast.

Vanquished Creatures
  A black bear (D:6)
  An ice beast (D:5)
  The ghost of Beatriz the Charmwright, an amateur GnSk (D:3)
  A centaur (D:5)
  2 scorpions
  A crimson imp (D:6)
  A hound (D:7)
  A centaur skeleton (D:6)
  An iguana (D:6)
  An orc wizard (D:4)
  6 worker ants
  A killer bee zombie (D:6)
  11 adders
  An ooze (D:3)
  2 adder skeletons (D:4)
  An adder zombie (D:4)
  2 worms
  A dart slug (D:4)
  3 leopard geckos
  13 orcs
  5 bats
  5 giant cockroaches
  13 goblins
  7 hobgoblins
  3 jackals (D:2)
  A quokka (D:3)
  A ball python (D:2)
  2 frilled lizards (D:1)
  2 jackal skeletons
  6 kobolds
  A quokka skeleton (D:4)
  11 rats
109 creatures vanquished.

Vanquished Creatures (collateral kills)
  A worker ant (D:4)
  Robin (D:4)
  3 adders
  A giant cockroach (D:3)
6 creatures vanquished.

Vanquished Creatures (others)
  5 ancestors
5 creatures vanquished.

Grand Total: 120 creatures vanquished

Notes
Turn   | Place    | Note
-------+----------+-------------------------------------------
     0 | D:1      | Beatriz the Gnoll Skald began the quest for the Orb.
     0 | D:1      | Reached XP level 1. HP: 20/20 MP: 6/6
   289 | D:1      | Reached XP level 2. HP: 26/26 MP: 7/7
   930 | D:2      | Reached XP level 3. HP: 29/31 MP: 9/9
   935 | D:2      | Learned a level 3 spell: Regeneration
   991 | D:2      | Reached skill level 5 in Spellcasting
  1297 | D:2      | Found a hazy altar of Hepliaklqana.
  1446 | D:2      | Became a worshipper of Hepliaklqana the Forgotten
  1660 | D:3      | Reached skill level 1 in Invocations
  1674 | D:3      | Reached skill level 1 in Short Blades
  1674 | D:3      | Reached skill level 1 in Long Blades
  1674 | D:3      | Reached skill level 1 in Maces & Flails
  1674 | D:3      | Reached skill level 1 in Polearms
  1674 | D:3      | Reached skill level 1 in Staves
  1674 | D:3      | Reached skill level 1 in Slings
  1674 | D:3      | Reached skill level 1 in Bows
  1674 | D:3      | Reached skill level 1 in Crossbows
  1674 | D:3      | Reached skill level 1 in Throwing
  1674 | D:3      | Reached skill level 1 in Stealth
  1674 | D:3      | Reached skill level 1 in Shields
  1674 | D:3      | Reached skill level 1 in Unarmed Combat
  1674 | D:3      | Reached skill level 1 in Evocations
  1683 | D:3      | Reached XP level 4. HP: 31/34 MP: 0/11
  2022 | D:3      | Reached skill level 1 in Conjurations
  2022 | D:3      | Reached skill level 1 in Hexes
  2022 | D:3      | Reached skill level 1 in Summonings
  2022 | D:3      | Reached skill level 1 in Necromancy
  2022 | D:3      | Reached skill level 1 in Translocations
  2022 | D:3      | Reached skill level 1 in Transmutations
  2022 | D:3      | Reached skill level 1 in Fire Magic
  2022 | D:3      | Reached skill level 1 in Ice Magic
  2022 | D:3      | Reached skill level 1 in Air Magic
  2022 | D:3      | Reached skill level 1 in Earth Magic
  2022 | D:3      | Reached skill level 1 in Poison Magic
  2826 | D:3      | Noticed Beatriz's ghost (amateur GnSk)
  2849 | D:3      | Killed Beatriz's ghost
  2849 | D:3      | Reached XP level 5. HP: 38/38 MP: 12/12
  2995 | D:4      | Reached XP level 6. HP: 36/45 MP: 0/13
  3103 | D:4      | Reached * piety under Hepliaklqana
  3208 | D:4      | Reached skill level 5 in Fighting
  3208 | D:4      | Reached skill level 5 in Axes
  3208 | D:4      | Reached skill level 5 in Dodging
  3220 | D:4      | Noticed Robin
  3237 | D:4      | Killed Robin
  3989 | D:4      | Got a crude dagger {freeze}
  4026 | D:5      | Entered Level 5 of the Dungeon
  4054 | D:5      | Noticed Lliillii's ghost (novice MiFi)
  4362 | D:5      | Noticed an ice beast
  4365 | D:5      | Reached XP level 7. HP: 44/50 MP: 15/15
  4589 | D:4      | Identified the cursed +3 dagger of Somewhere Else {freeze, +Inv MP+9} (You took it off an orc on level 4 of the Dungeon)
  4826 | D:6      | Reached XP level 8. HP: 21/56 MP: 16/16
  4834 | D:6      | Reached skill level 6 in Charms
  5725 | D:6      | Slain by an ice beast

Vault maps used:
D:1:      dpeg_arrival_signposts
D:2:      nicolae_overflow_crystal_walls, minmay_misc_feat_doors
D:4:      uniq_robin
D:5:      minmay_temple_entry_junction_2, first_bread
D:7:      basic_altar

Skill      XL: |  1  2  3  4  5  6  7  8 |
---------------+-------------------------+-----
Spellcasting   | 5 |  5.9
Invocations    | 1 2 3 |  3.3
Short Blades   | 1 2 3 |  3.0
Long Blades    | 1 2 3 |  3.0
Maces & Flails | 1 2 3 |  3.0
Polearms       | 1 2 3 |  3.0
Staves         | 1 2 3 |  3.0
Slings         | 1 2 3 |  3.0
Bows           | 1 2 3 |  3.0
Crossbows      | 1 2 3 |  3.0
Throwing       | 1 2 3 |  3.0
Stealth        | 1 2 3 |  3.0
Shields        | 1 2 3 |  3.0
Unarmed Combat | 1 2 3 |  3.0
Evocations     | 1 2 3 |  3.0
Conjurations   | 1 2 |  2.4
Hexes          | 1 2 |  2.4
Summonings     | 1 2 |  2.4
Necromancy     | 1 2 |  2.4
Translocations | 1 2 |  2.4
Transmutations | 1 2 |  2.4
Fire Magic     | 1 2 |  2.4
Ice Magic      | 1 2 |  2.4
Air Magic      | 1 2 |  2.4
Earth Magic    | 1 2 |  2.4
Poison Magic   | 1 2 |  2.4
Armour         | 3 4 |  4.0
Fighting       | 5 |  5.5
Axes           | 5 |  5.5
Dodging        | 5 |  5.5
Charms         | 6 |  6.0

Action                   |  1- 3 |  4- 6 |  7- 9 || total
-------------------------+-------+-------+-------++-------
Melee: Hand axe          |   115 |    23 |       ||   138
       Bite              |     8 |    16 |    14 ||    38
       War axe           |       |   151 |     8 ||   159
       Dagger            |       |       |    81 ||    81
       Punch             |       |       |     1 ||     1
 Cast: Infusion          |     4 |     3 |     5 ||    12
       Regeneration      |     1 |     4 |    11 ||    16
 Abil: Evoke Invisibilit |       |       |     1 ||     1
  Use: Scroll            |       |     8 |     8 ||    16
       Potion            |       |     4 |     1 ||     5
 Stab: Sleeping          |     3 |     1 |       ||     4
       Distracted        |       |     2 |       ||     2
       Invisible         |       |       |     2 ||     2
  Eat: Chunk             |     3 |     8 |       ||    11
       Bread ration      |       |       |     1 ||     1
Armor: Leather armour    |    30 |    30 |    17 ||    77
Dodge: Dodged            |    83 |   135 |   101 ||   319

Table legend:
 A = Spawn XP
 B = Non-spawn XP
 C = Spawn XP percentage of total XP
 D = Spawn monster count
 E = Non-spawn monster count
 F = Spawn count percentage of total count
 G = Total turns spent on level
                    A         B        C        D         E        F      G
               +---------+---------+-------+---------+---------+-------+---------
         Total |       0 |    1482 |   0.0 |       0 |     115 |   0.0 |  5725
               +---------+---------+-------+---------+---------+-------+---------
           D:1 |       0 |      22 |   0.0 |       0 |      16 |   0.0 |   757
           D:2 |       0 |      33 |   0.0 |       0 |      19 |   0.0 |   897
           D:3 |       0 |     218 |   0.0 |       0 |      22 |   0.0 |  1273
           D:4 |       0 |     288 |   0.0 |       0 |      35 |   0.0 |  1587
           D:5 |       0 |     407 |   0.0 |       0 |      10 |   0.0 |   494
           D:6 |       0 |     471 |   0.0 |       0 |      12 |   0.0 |   518
           D:7 |       0 |      43 |   0.0 |       0 |       1 |   0.0 |   199
               +---------+---------+-------+---------+---------+-------+---------
